 Dungeon Crawl Stone Soup version 0.22.0-76-g6cd1571672 (webtiles) character file.

650 Grim the Shooter (level 7, -2/63 HPs)
             Began as a Minotaur Hunter on Sept 15, 2018.
             Was an Initiate of Fedhas.
             Shot with an arrow by a centaur (7 damage)
             ... on level 5 of the Dungeon.
             The game lasted 00:09:49 (4489 turns).

Grim the Shooter (Minotaur Hunter)                  Turns: 4489, Time: 00:09:49

Health: -2/63      AC:  4    Str: 16    XL:     7   Next: 28%
Magic:  6/6        EV: 12    Int:  8    God:    Fedhas [......]
Gold:   262        SH:  0    Dex: 13    Spells: 6/6 levels left

rFire    . . .     SeeInvis .   a - +1 shortbow
rCold    . . .     Gourm    .   (shield currently unavailable)
rNeg     . . .     Faith    .   c - +0 leather armour
rPois    .         Spirit   .   (helmet restricted)
rElec    .         Reflect  .   (no cloak)
rCorr    .         Harm     .   (no gloves)
MR       .....                  w - +0 pair of boots (curse)
Stlth    ++........             (no amulet)
HPRegen  0.20/turn              (no ring)
MPRegen  0.10/turn              (no ring)

@: no status effects
A: retaliatory headbutt, horns 2
a: Fungal Bloom, Renounce Religion


You were on level 5 of the Dungeon.
You worshipped Fedhas.
Fedhas was noncommittal.
You were not hungry.

You visited 2 branches of the dungeon, and saw 6 of its levels.

You collected 262 gold pieces.

Inventory:

Hand Weapons
 a - a +1 shortbow (weapon)
 b - a +0 short sword
Missiles
 d - 25 arrows (quivered)
Armour
 c - a +0 leather armour (worn)
 w - a cursed +0 pair of boots (worn)
Wands
 j - a wand of acid (8)
Scrolls
 e - 2 scrolls of enchant armour {unknown}
 k - 2 scrolls of teleportation {unknown}
 o - a scroll of noise {unknown}
 p - a scroll of amnesia {unknown}
 q - 2 scrolls of random uselessness {unknown}
 t - 4 scrolls of remove curse {unknown}
 u - a scroll of fog {unknown}
 x - a scroll of identify
Potions
 g - a potion of haste {unknown}
 h - 3 potions of cancellation
 i - a potion of brilliance {unknown}
 l - 2 potions of lignification
 m - a potion of magic {unknown}
 n - 3 potions of heal wounds {unknown}
 r - a potion of flight {unknown}
 s - a potion of degeneration {unknown}
 v - a potion of resistance {unknown}
Comestibles
 f - 7 rations


   Skills:
 * Level 6.0 Fighting
 - Level 4.2 Short Blades
 + Level 6.4 Bows
 - Level 2.1 Dodging
 - Level 2.1 Stealth


You had 6 spell levels left.
You didn't know any spells.
Your spell library contained the following spells:

 Spells                   Type           Power        Failure   Level  Hunger
 Magic Dart               Conj           #...         47%         1    ##.....
 Blink                    Tloc           N/A          63%         2    ###....
 Call Imp                 Summ           #.......     63%         2    ###....
 Slow                     Hex            #.......     63%         2    ###....
 Conjure Flame            Conj/Fire      #.......     85%         3    ####...
 Mephitic Cloud           Conj/Pois/Air  #.......     85%         3    ####...


Dungeon Overview and Level Annotations

Branches:
Dungeon (5/15)             Temple (1/1) D:4

Altars:
Ashenzari
Cheibriados
Dithmenos
Elyvilon
Fedhas
Gozag
Hepliaklqana
Kikubaaqudgha
Nemelex Xobeh
Okawaru
Qazlal
Ru
Sif Muna
Trog
Uskayaw
Vehumet
Wu Jian
Xom
Yredelemnul
Zin
The Shining One

Annotations:
D:5 2 transporters, kalodont's ghost, novice KoEn


Innate Abilities, Weirdness & Mutations

You reflexively headbutt those who attack you in melee.
You have a pair of horns on your head.


Message History

You shoot an arrow.
The arrow hits the centaur but does no damage.
The centaur is heavily wounded.
The centaur shoots an arrow.
The arrow hits you!
Firing (i - inventory)
d - 27 arrows (quivered)
Press: ? - help, Shift-Dir - straight line, f/p - centaur
Aim: a centaur, wielding a shortbow (heavily wounded)
You shoot an arrow. The arrow hits the centaur!
The centaur is almost dead.
The centaur shoots an arrow.
The arrow hits you!
* * * LOW HITPOINT WARNING * * *
Firing (i - inventory)
d - 26 arrows (quivered)
Press: ? - help, Shift-Dir - straight line, f/p - centaur
Aim: a centaur, wielding a shortbow (almost dead)
You shoot an arrow. The arrow barely misses the centaur.
The centaur shoots an arrow.
The arrow hits you!
* * * LOW HITPOINT WARNING * * *
The centaur shoots an arrow.
The arrow hits you!
You die...
Fedhas appreciates your contribution to the ecosystem.

.# $..#(#..## .© ..
#.##.# .# #. #.# .#
. #.#######. #.
##.†.......#
#..######..##
##..##### ...##
#...>.†.#.....#
#.....#.###@.)....#
........# ####c(###
..#....... .#
...###..### #.. #..
#. #.. .#.


You could see a centaur.

Vanquished Creatures
  A water moccasin (D:4)
  A sky beast (D:5)
  A water moccasin skeleton (D:4)
  A howler monkey (D:4)
  2 hounds (D:4)
  2 orc wizards
  Natasha (thrice) (D:2)
  A worker ant (D:3)
  A hound zombie (D:4)
  6 adders
  A worm (D:2)
  5 dart slugs
  3 leopard geckos
  7 orcs
  9 bats
  4 giant cockroaches
  4 goblins
  5 hobgoblins
  5 jackals
  2 quokkas
  A ball python skeleton (D:4)
  4 frilled lizards
  8 kobolds
  11 rats
88 creatures vanquished.

Vanquished Creatures (others)
  A toadstool (D:5)
1 creature vanquished.

Grand Total: 89 creatures vanquished

Notes
Turn   | Place    | Note
-------+----------+-------------------------------------------
     0 | D:1      | Grim the Minotaur Hunter began the quest for the Orb.
     0 | D:1      | Reached XP level 1. HP: 18/18 MP: 0/0
    35 | D:1      | Reached skill level 1 in Stealth
    37 | D:1      | Reached skill level 1 in Short Blades
   165 | D:1      | Reached XP level 2. HP: 25/25 MP: 1/1
   378 | D:1      | Reached XP level 3. HP: 30/30 MP: 2/2
   433 | D:1      | You fall through a shaft!
   433 | D:2      | Noticed Natasha
   437 | D:2      | Killed Natasha
   598 | D:1      | Reached XP level 4. HP: 37/37 MP: 3/3
   709 | D:2      | Noticed Natasha
   716 | D:2      | Killed Natasha
   745 | D:2      | Noticed Natasha
   752 | D:2      | Killed Natasha
   752 | D:2      | Reached skill level 5 in Bows
  1319 | D:2      | Reached XP level 5. HP: 42/42 MP: 4/4
  2323 | D:3      | Found a stormy altar of Qazlal.
  2410 | D:4      | Found an iron altar of Okawaru.
  2411 | D:4      | Found a shattered altar of Ashenzari.
  2411 | D:4      | Found an ornate altar of the Wu Jian Council.
  2411 | D:4      | Found a sparkling altar of Nemelex Xobeh.
  2412 | D:4      | Found an ancient bone altar of Kikubaaqudgha.
  2895 | D:4      | Reached XP level 6. HP: 33/51 MP: 5/5
  3091 | D:4      | Found a deep blue altar of Sif Muna.
  3156 | D:4      | Found a staircase to the Ecumenical Temple.
  3178 | D:4      | Noticed a water moccasin
  3185 | D:4      | Killed a water moccasin
  3405 | D:4      | Reached skill level 5 in Fighting
  3706 | D:4      | Reached XP level 7. HP: 61/61 MP: 6/6
  4078 | D:4      | Found a deep blue altar of Sif Muna.
  4127 | Temple   | Entered the Ecumenical Temple
  4278 | Temple   | Became a worshipper of Fedhas Madash
  4308 | D:5      | Entered Level 5 of the Dungeon
  4431 | D:5      | Found a transporter.
  4432 | D:5      | Noticed kalodont's ghost (novice KoEn)
  4456 | D:5      | Found a transporter.
  4489 | D:5      | Shot with an arrow by a centaur

Skill      XL: |  1  2  3  4  5  6  7 |
---------------+----------------------+-----
Stealth        | 1 2 |  2.1
Short Blades   | 1 2 3 4 |  4.2
Bows           | 5 6 |  6.4
Fighting       | 3 5 6 |  6.0
Dodging        | |  2.1

Action                   |  1- 3 |  4- 6 |  7- 9 || total
-------------------------+-------+-------+-------++-------
Melee: Short sword       |    24 |   103 |     6 ||   133
       Headbutt          |     5 |    19 |     1 ||    25
 Fire: Shortbow          |    35 |    65 |    30 ||   130
Invok: Fungal Bloom      |       |       |     1 ||     1
  Use: Scroll            |       |     2 |       ||     2
 Stab: Sleeping          |     1 |       |       ||     1
  Eat: Chunk             |       |     7 |     1 ||     8
       Ration            |       |       |     1 ||     1
Armor: Leather armour    |    10 |    18 |     1 ||    29
Dodge: Dodged            |    24 |    60 |     6 ||    90
